 Dungeon Crawl Stone Soup version 0.15-a0-429-gf5d7e11 (webtiles) character file.

70224 4tharraofdagon the Black Belt (level 15, -6/110 HPs)
             Began as a Merfolk Transmuter on May 6, 2014.
             Was the Champion of Cheibriados.
             Mangled by a swamp worm (20 damage)
             ... on Level 4 of the Swamp.
             The game lasted 01:14:23 (8758 turns).

4tharraofdagon the Black Belt (Merfolk Transmuter)  Turns: 8758, Time: 01:14:23

HP  -6/110       AC  7     Str 30      XL: 15   Next: 29%
MP  15/29        EV 34     Int 33      God: Cheibriados [******]
Gold 1063        SH  0     Dex 32      Spells:  8 memorised,  6 levels left

rFire  . . .     SeeInvis .       - Unarmed
rCold  + . .     Clarity  +     L - troll hide
rNeg   . . .     Conserve +     (no shield)
rPois  .         rCorr    .     i - +3 helmet of Raakuss {Dex-3 Int+5}
rElec  +         rRot     .     R - +0 cloak of Starlight {rElec rC+ EV+4 Stlth-}
SustAb . .       Spirit   .     (no gloves)
rMut   .         Warding  .     (no boots)
Saprov . . .     Stasis   .     V - amulet of conservation
MR     +....                    l - +4 ring of strength
                                x - ring of regeneration

@: very slightly contaminated, very slow, somewhat resistant to hostile
enchantments, stealthy
A: change form in water, swift swim, clarity, deterioration 1, robust 1
a: Bend Time, Temporal Distortion, Slouch, Step From Time, Renounce Religion


You were on level 4 of the Swamp.
You worshipped Cheibriados.
Cheibriados was exalted by your worship.
You were near starving.

You visited 4 branches of the dungeon, and saw 25 of its levels.
You also visited: Ice Cave and Volcano.

You collected 1259 gold pieces.
You spent 196 gold pieces at shops.

Inventory:

Missiles
 Y - 8 poisoned javelins (quivered)
Armour
 i - the +3 helmet of Raakuss (worn) {Dex-3 Int+5}
   (You found it on level 2 of the Swamp)

   It affects your intelligence (+5).
   It affects your dexterity (-3).
 B - a +0 shield
 L - a troll hide (worn)
 N - a gold dragon hide
 R - the +0 cloak of Starlight (worn) {rElec rC+ EV+4 Stlth-}
   (You found it on level 11 of the Dungeon)

   It affects your evasion (+4).
   It protects you from cold.
   It insulates you from electricity.
   It makes you less stealthy.
Magical devices
 b - a wand of lightning (6)
 g - a wand of fire (1)
 k - a wand of slowing (7)
 t - a wand of teleportation (9)
 u - a wand of heal wounds (9)
 y - a wand of draining (1)
 F - a wand of invisibility (1)
 Q - a wand of fire (6)
 X - a wand of digging (14)
Comestibles
 a - 5 bread rations
 f - 2 honeycombs
 p - 6 meat rations
 q - 9 apricots
 r - 7 cheeses
 z - 2 chunks of swamp worm flesh
 C - a snozzcumber
Scrolls
 m - 6 scrolls of remove curse
 s - a scroll of magic mapping
 E - a scroll of amnesia
 H - 3 scrolls of teleportation
 K - 2 scrolls of silence
 T - a scroll of noise
Jewellery
 c - an uncursed ring of flight
 j - an uncursed amulet of clarity
 l - a +4 ring of strength (right hand)
 n - an uncursed amulet of guardian spirit
 v - an uncursed ring of teleportation
 w - an uncursed ring of ice
 x - a ring of regeneration (left hand)
 G - an uncursed ring of protection from fire
 O - an uncursed ring of stealth
 V - an amulet of conservation (around neck)
Potions
 e - a potion of invisibility
 h - 4 potions of brilliance
 o - 11 potions of curing
 A - 2 potions of restore abilities
 D - a potion of magic
 I - a potion of cure mutation
 M - a potion of might
 Z - 2 potions of flight
Books
 d - a book of Changes

   Spells                             Type                      Level
   *Beastly Appendage                 Transmutation                1
   Sticks to Snakes                   Transmutation                2
   *Spider Form                       Transmutation/Poison         3
   *Ice Form                          Ice/Transmutation            4
   *Blade Hands                       Transmutation                5
 J - a book of Dreams

   Spells                             Type                      Level
   Ensorcelled Hibernation            Hexes/Ice                    2
   Flight                             Charms/Air                   3
   *Phase Shift                       Translocation                5
   Shadow Creatures                   Summoning                    5
   Mass Confusion                     Hexes                        6
   Darkness                           Hexes                        7
 S - a Necronomicon {highlevel}

   This book is beyond your current level of understanding.

   Spells                             Type                      Level
   Haunt                              Necromancy/Summoning         7
   Borgnjor's Revivification          Necromancy                   8
   Death's Door                       Charms/Necromancy            8
   Necromutation                      Transmutation/Necromancy     8
Miscellaneous
 P - a crystal ball of energy
 U - a plain deck of changes


   Skills:
 - Level 4.0 Fighting
 + Level 14.1 Dodging
 + Level 10.7 Stealth
 + Level 5.7 Shields
 * Level 15.9 Unarmed Combat
 + Level 7.1 Spellcasting
 - Level 2.8 Translocations
 - Level 11.0 Transmutations
 + Level 10.0 Invocations
 + Level 4.0 Evocations


You had 6 spell levels left.
You knew the following spells:

 Your Spells              Type           Power        Failure   Level  Hunger
a - Beastly Appendage     Trmt           ######       1%          1    None
b - Spider Form           Trmt/Pois      #####.....   1%          3    None
c - Ice Form              Ice/Trmt       #####.....   4%          4    #......
d - Blade Hands           Trmt           ######....   1%          5    ###....
e - Apportation           Tloc           ####......   1%          1    None
f - Blink                 Tloc           N/A          1%          2    None
g - Summon Butterflies    Summ           ##......     4%          1    None
h - Phase Shift           Tloc           ####......   34%         5    ###....


Dungeon Overview and Level Annotations

Branches:
Dungeon (12/15)            Temple (1/1) D:6             Orc (0/4) D:12
   Lair (8/8) D:9           Swamp (4/5) Lair:5       Spider (0/5) Lair:4
  Slime (0/6) Lair:7

Altars:
Ashenzari
Cheibriados
Dithmenos
Elyvilon
Fedhas
Kikubaaqudgha
Makhleb
Nemelex Xobeh
Okawaru
Sif Muna
Trog
Vehumet
Xom
Yredelemnul
Zin
The Shining One

Shops:
D:10 *   D:12 *


Innate Abilities, Weirdness & Mutations

You revert to your normal form in water.*
You are very nimble and swift while swimming.*
You possess an exceptional clarity of mind.
Your body is slowly deteriorating.
You are robust (+10% HP).


Message History

Unknown command.
Use which ability? (? or * to list)
Okay, then.
Use which ability? (? or * to list)
You warm up again.
The +0 cloak of Starlight {rElec rC+ EV+4 Stlth-} unmelds from your body.
The +3 helmet of Raakuss {Dex-3 Int+5} unmelds from your body.
Your troll hide unmelds from your body.
The swamp worm completely misses you. The swamp worm misses you.
Unknown command.
Drink which item? (? for menu, Esc to quit)
Magic courses through your body.
The swamp worm bites you but does no damage.
Unknown command.
Use which ability? (? or * to list)
You can feel time thicken for a moment.
You are near starving!
The swamp worm completely misses you. The slime creature barely misses you.
The swamp worm bites you!
You die...

♣J≈≈≈.%
....≈≈.♣♣
♣♣♣♣♣♣♣♣.≈≈≈.. ♣
♣♣♣♣≈♣♣≈§♣.≈≈≈Jf
♣♣
♣.!.≈≈≈≈≈..≈§..
♣§
♣≈..≈≈≈≈≈≈.≈≈≈≈
♣♣
♣>.J≈≈≈≈≈≈≈≈≈.♣
♣
♣♣♣♣%.§≈≈≈≈≈≈≈≈♣
♣
♣.≈@w≈.≈≈≈§§§..♣
♣≈≈≈J.J.§≈≈≈...
♣≈..≈....≈≈≈.♣≈
♣.≈♣..♣♣≈...≈♣
♣.≈≈..≈♣ ♣...♣♣
♣≈≈≈≈.♣♣ ♣≈.♣
♣.≈≈.♣♣ ♣♣ ♣♣.<≈
♣≈..


You could see 3 slime creatures and a swamp worm.

Vanquished Creatures
  A tentacled monstrosity (Swamp:4)
  2 thorn hunters
  A frost giant (IceCv)
  Fannar (Lair:7)
  8 hydras
  An alligator (Swamp:1)
  A shambling mangrove (Swamp:3)
  An ogre mage (D:12)
  2 death yaks (IceCv)
  The ghost of 4tharraofdagon the Arsonist, an experienced HuFE of Vehumet (D:10)
  An unseen horror (D:12)
  3 hill giants
  2 wolf spiders (Lair:8)
  4 black mambas (Lair:8)
  A griffon (Lair:4)
  2 red wasps (Lair:8)
  A guardian serpent (Lair:8)
  11 spiny frogs
  2 fire drakes
  4 trolls
  A komodo dragon (Lair:5)
  A giant firefly (Lair:1)
  A giant leech (Swamp:4)
  3 two-headed ogres
  11 polar bears (IceCv)
  4 slime creatures
  4 bog bodies
  5 ravens
  7 blink frogs (Lair:8)
  A basilisk (Lair:7)
  A spriggan (Lair:1)
  2 redbacks (Lair:8)
  An elephant slug (Lair:3)
  A wyvern (Lair:8)
  10 ugly things (D:11)
  A shark (Lair:1)
  46 yaks
  2 steam dragons
  A deep elf fighter (Volcano)
  A hungry ghost (D:11)
  2 deep elf magi
  2 vampire mosquitoes (Swamp:4)
  8 hippogriffs
  12 wolves (IceCv)
  11 swamp worms
  2 necrophages (D:8)
  17 water moccasins
  A hell hound (Volcano)
  2 yellow wasps (Lair:8)
  6 porcupines
  2 swamp drakes
  14 spiders
  3 ice beasts
  6 sky beasts
  A black bear (D:9)
  An orc warrior (D:11)
  9 ogres
  A phantom (D:10)
  3 big kobolds
  12 crocodiles
  7 centaurs
  4 giant slugs
  16 giant frogs
  2 yak zombies
  An eye of draining (D:11)
  5 killer bees (D:8)
  3 goliath beetles
  8 hounds
  3 crimson imps
  2 big fish (Swamp:2)
  2 jellies
  4 orc priests
  7 orc wizards
  11 iguanas
  A two-headed ogre skeleton (D:10)
  2 elf skeletons
  6 worker ants
  2 sheep (D:8)
  A big kobold skeleton (D:10)
  A worker ant zombie (D:11)
  24 adders
  85 green rats
  A scorpion zombie (D:8)
  2 shadow imps
  3 worms
  6 giant eyeballs
  6 giant geckos
  23 orcs
  2 ball pythons
  14 bats
  10 hobgoblins
  20 jackals
  16 kobolds
  7 quokkas
  2 giant cockroaches
  4 giant newts
  A giant spore (D:10)
  7 goblins
  10 rats
  A ballistomycete (D:10)
  2 briar patches (Swamp:2)
  A fungus (Lair:5)
  2 plants (Lair:8)
606 creatures vanquished.

Vanquished Creatures (others)
  A two-headed ogre (Volcano)
  A hog (Volcano)
  A deep elf fighter (Volcano)
  A centaur (Volcano)
  A hound (D:9)
  A briar patch (Swamp:2)
6 creatures vanquished.

Grand Total: 612 creatures vanquished

Notes
Turn   | Place    | Note
--------------------------------------------------------------
     0 | D:1      | 4tharraofdagon, the Merfolk Transmuter, began the quest for the Orb.
     0 | D:1      | Reached XP level 1. HP: 15/15 MP: 3/3
   136 | D:2      | Reached XP level 2. HP: 14/21 MP: 2/4
   216 | D:2      | Found a radiant altar of Vehumet.
   291 | D:2      | Reached XP level 3. HP: 19/26 MP: 4/6
   416 | D:1      | Learned a level 3 spell: Spider Form
   446 | D:2      | Reached XP level 4. HP: 26/33 MP: 4/8
   504 | D:4      | Reached skill level 4 in Unarmed Combat
   580 | D:4      | Noticed an ogre
   592 | D:4      | Killed an ogre
   592 | D:4      | Reached XP level 5. HP: 38/38 MP: 6/9
   647 | D:5      | Entered Level 5 of the Dungeon
   781 | D:6      | Found a glowing golden altar of the Shining One.
   806 | D:6      | Found a staircase to the Ecumenical Temple.
   820 | Temple   | Entered the Ecumenical Temple
   909 | Temple   | :(
   986 | D:6      | Reached XP level 6. HP: 44/46 MP: 7/12
  1006 | D:6      | Reached skill level 5 in Unarmed Combat
  1193 | D:8      | Noticed a yak
  1193 | D:8      | Noticed a yak
  1216 | D:8      | Reached XP level 7. HP: 38/52 MP: 9/14
  1219 | D:8      | Killed a yak
  1219 | D:8      | Reached skill level 5 in Dodging
  1225 | D:8      | Killed a yak
  1225 | D:8      | Reached skill level 6 in Unarmed Combat
  1225 | D:8      | Reached skill level 5 in Transmutations
  1302 | D:8      | Reached XP level 8. HP: 21/60 MP: 1/17
  1446 | D:6      | Noticed a hungry ghost
  1463 | D:7      | Learned a level 4 spell: Ice Form
  1469 | D:7      | Learned a level 5 spell: Blade Hands
  1471 | D:7      | Learned a level 1 spell: Apportation
  1544 | D:8      | Paralysed by a giant eyeball for 3 turns
  1550 | D:8      | Paralysed by a giant eyeball for 2 turns
  1625 | D:8      | Noticed a necrophage
  1637 | D:8      | Killed a necrophage
  1650 | D:8      | Reached skill level 7 in Unarmed Combat
  1650 | D:8      | Reached skill level 1 in Translocations
  1698 | D:8      | Noticed a troll
  1700 | D:8      | Noticed a necrophage
  1717 | D:8      | Killed a troll
  1717 | D:8      | Killed a necrophage
  1717 | D:8      | Reached XP level 9. HP: 27/65 MP: 7/20
  1845 | D:9      | Paralysed by a giant eyeball for 2 turns
  1868 | D:9      | Reached skill level 8 in Unarmed Combat
  1874 | D:9      | Paralysed by a giant eyeball for 4 turns
  1881 | D:9      | Paralysed by a giant eyeball for 4 turns
  1888 | D:9      | Paralysed by a giant eyeball for 4 turns
  2226 | D:8      | Reached skill level 5 in Spellcasting
  2245 | D:8      | Found a shadowy altar of Dithmenos.
  2596 | D:6      | Noticed a sky beast
  2604 | D:6      | Killed a sky beast
  2668 | D:5      | Found a snail-covered altar of Cheibriados.
  2682 | D:5      | Became a worshipper of Cheibriados the Contemplative
  2714 | D:4      | Reached skill level 9 in Unarmed Combat
  3002 | D:7      | Noticed a hippogriff
  3013 | D:7      | Killed a hippogriff
  3112 | D:10     | Entered Level 10 of the Dungeon
  3138 | D:10     | Reached skill level 1 in Invocations
  3141 | D:10     | Reached XP level 10. HP: 71/71 MP: 16/22
  3271 | D:10     | Noticed 4tharraofdagon's ghost (experienced HuFE)
  3444 | D:11     | Learned a level 2 spell: Blink
  3450 | D:12     | Noticed a hill giant
  3460 | D:12     | Killed a hill giant
  3460 | D:12     | Reached skill level 1 in Stealth
  3460 | D:12     | Reached skill level 10 in Unarmed Combat
  3485 | D:12     | Found a staircase to the Orcish Mines.
  3526 | D:12     | Noticed an ogre mage
  3538 | D:12     | Killed an ogre mage
  3628 | D:12     | Reached XP level 11. HP: 65/77 MP: 14/25
  3654 | D:12     | Killed an unseen horror
  3654 | D:12     | Reached skill level 11 in Unarmed Combat
  3684 | D:12     | Acquired Cheibriados' first power
  3901 | D:11     | Noticed a hill giant
  3911 | D:11     | Killed a hill giant
  3917 | D:11     | Reached skill level 5 in Invocations
  4036 | D:11     | Paralysed by a giant eyeball for 2 turns
  4065 | D:11     | Reached skill level 10 in Dodging
  4109 | D:11     | Acquired Cheibriados' second power
  4164 | D:11     | Reached skill level 5 in Stealth
  4228 | D:10     | Killed 4tharraofdagon's ghost
  4357 | D:10     | Found Manug's Assorted Antiques.
  4371 | D:10     | Learned a level 1 spell: Summon Butterflies
  4422 | D:10     | Bought a scroll labeled JEHICUSTROIPN for 34 gold pieces
  4422 | D:10     | Bought a metallic inky potion for 30 gold pieces
  4422 | D:10     | Bought a scroll of identify for 68 gold pieces
  4645 | D:11     | Noticed an eight-headed hydra
  4647 | D:11     | Reached skill level 12 in Unarmed Combat
  4647 | D:11     | Reached skill level 10 in Transmutations
  4652 | D:11     | Killed an eight-headed hydra
  4759 | D:11     | Reached XP level 12. HP: 83/83 MP: 22/25
  4793 | D:11     | HP: 3/83 [orc wizard/magic dart (4)]
  4926 | D:12     | Found Wihun's General Store.
  4931 | D:12     | Bought a scroll of identify for 32 gold pieces
  4931 | D:12     | Bought a scroll of identify for 32 gold pieces
  5106 | D:10     | Reached skill level 13 in Unarmed Combat
  5106 | D:10     | Reached XP level 13. HP: 88/88 MP: 26/26
  5322 | D:9      | Found a staircase to the Lair.
  5327 | Lair:1   | Entered Level 1 of the Lair of Beasts
  5771 | Lair:2   | Found a dark tunnel.
  5779 | Volcano  | Entered a volcano
  5975 | Lair:3   | Acquired Cheibriados' third power
  6233 | Lair:4   | Reached skill level 1 in Shields
  6238 | Lair:4   | Found a hole to the Spider Nest.
  6423 | Lair:5   | Reached skill level 14 in Unarmed Combat
  6474 | Lair:5   | Found a frozen archway.
  6493 | IceCv    | Entered an ice cave
  6821 | IceCv    | Reached XP level 14. HP: 95/95 MP: 23/27
  6861 | IceCv    | Noticed a frost giant
  6900 | IceCv    | Killed a frost giant
  6957 | Lair:5   | Found a staircase to the Swamp.
  7174 | Lair:6   | Learned a level 5 spell: Phase Shift
  7177 | Lair:6   | Gained mutation: You are robust (+10% HP). [potion of mutation]
  7177 | Lair:6   | Gained mutation: Your body is slowly deteriorating. [potion of mutation]
  7177 | Lair:6   | Gained mutation: You possess an exceptional clarity of mind. [potion of mutation]
  7208 | Lair:6   | Found a shadowy altar of Dithmenos.
  7262 | Lair:8   | Entered Level 8 of the Lair of Beasts
  7316 | Lair:7   | Found a staircase to the Slime Pits.
  7316 | Lair:7   | Noticed Fannar
  7327 | Lair:7   | Killed Fannar
  7333 | Lair:7   | Reached skill level 15 in Unarmed Combat
  7418 | Lair:8   | Reached skill level 1 in Evocations
  7470 | Lair:8   | Reached skill level 10 in Stealth
  8200 | Swamp:1  | Entered Level 1 of the Swamp
  8305 | Swamp:2  | Got a smoking helmet
  8330 | Swamp:2  | Identified the cursed +3 helmet of Raakuss {Dex-3 Int+5} (You found it on level 2 of the Swamp)
  8349 | Swamp:2  | Noticed a thorn hunter
  8359 | Swamp:2  | Killed a thorn hunter
  8359 | Swamp:2  | Reached skill level 5 in Shields
  8377 | Swamp:2  | Reached XP level 15. HP: 61/110 MP: 23/29
  8431 | Swamp:2  | HP: 2/110 [swamp worm (21)]
  8709 | Swamp:4  | Noticed a tentacled monstrosity
  8709 | Swamp:4  | Noticed a thorn hunter
  8726 | Swamp:4  | Killed a thorn hunter
  8731 | Swamp:4  | Killed a tentacled monstrosity
  8731 | Swamp:4  | Reached skill level 10 in Invocations
  8758 | Swamp:4  | Mangled by a swamp worm

Action                   |  1- 3 |  4- 6 |  7- 9 | 10-12 | 13-15 || total
-------------------------+-------+-------+-------+-------+-------++-------
Melee: Unarmed           |    91 |    87 |   243 |   371 |   779 ||  1571
Throw: Dart              |       |       |       |     1 |     1 ||     2
 Cast: Beastly Appendage |    15 |     2 |       |       |       ||    17
       Spider Form       |     1 |     4 |    30 |    32 |     9 ||    76
       Blade Hands       |       |       |       |     2 |    30 ||    32
       Ice Form          |       |       |       |       |    25 ||    25
       Apportation       |       |       |       |       |    25 ||    25
Invok: Slouch            |       |       |       |     2 |     9 ||    11
       Temporal Distorti |       |       |       |     1 |     3 ||     4
       Step From Time    |       |       |       |       |     1 ||     1
 Abil: End Transformatio |       |       |       |     9 |    10 ||    19
Evoke: Wand              |       |     1 |    13 |    12 |    10 ||    36
  Use: Potion            |     3 |     2 |       |     1 |     6 ||    12
       Scroll            |     1 |     4 |     7 |    20 |    12 ||    44
 Stab: Sleeping          |       |       |     3 |     5 |    30 ||    38
       Distracted        |       |       |       |     1 |     1 ||     2

Vault maps used:
D:1:      dpeg_arrival_round_a, serial_glass, glass_columns_c, glass_columns_a
D:2:      fiery_altar_vehumet, first_bread
D:5:      beetle_altar_1
D:6:      tso_metal_star, minmay_temple_entry_grid
D:8:      grunt_dithmenos_smoke, hangedman_ranch
D:9:      minmay_statue_hallways, erik_lair_dragon, lemuel_flamethrower_hall
D:10:     kennysheep_small_circle
D:12:     orc_0_dummy, serial_shops, kennysheep_little_box
Temple:   oiseaux_autumnal_temple_12
Lair:1:   grunt_forest_large_clearings, infiniplex_staircase_pool
Lair:2:   basic_altar, lightli_volcano_entry_magma_tube, serial_bayou_pond_d,
          infiniplex_staircase_pool_2
Lair:4:   spider_nest_entry_a, minmay_stone_trees_small, guppyfry_lair_drakes
Lair:5:   swamp_mist, portal_ice_cave_entry_pillars_01
Lair:6:   minmay_shoals_entry_hut, basic_altar, serial_bayou_shore_b
Lair:7:   slime_dummy, uniq_fannar
Lair:8:   hangedman_lair_tendril_chambers
Swamp:1:  nicolae_swamp_orc_logging_accident, swamp_pool1,
          hangedman_swamp_wriggling
Swamp:2:  hangedman_swamp_lotus, uniq_aizul
Swamp:3:  evilmike_swamp_ruin_house_3
Swamp:4:  nicolae_swamp_trees_clearing, swamp_pool3, uniq_jorgrun
IceCv:    ice_cave_caverns_01
Volcano:  volcano_village
